Stars vs Lightning

Created - October 30, 2023 at 20:50

Goals
1 2 3 T
Stars 3 0 2 5
Lightning 0 2 0 2
Shots
1 2 3 T
Stars 8 13 7 28
Lightning 13 9 14 36

GoalsPenalties
1st period
1. Stars , Elias Lindholm 5 (Vincent Trocheck 4, Evan Bouchard 3) at 4:34 (PP)
2. Stars , Elias Lindholm 6 (Matt Grzelcyk 3, Evan Bouchard 4) at 5:59 (PP)
3. Stars , Rickard Rakell 3 (Nazem Kadri 1, Timo Meier 6) at 17:39
Pierre Engvall (TBL) for Tripping (Minor) at 2:46
Andrew Peeke (TBL) for Slashing (Minor) at 5:15
Alex Killorn (TBL) for Cross-checking (Minor) at 13:05
Sean Durzi (DAL) for Hooking (Minor) at 13:05
Alex Killorn (TBL) for Interference (Minor) at 19:21
2nd period
4. Lightning , Brock Nelson 2 (Patrice Bergeron 4) at 5:23 (PP)
5. Lightning , Erik Haula 1 (Ryan Strome 5, John Klingberg 5) at 5:41
Brandon Montour (TBL) for Tripping (Minor) at 2:58
Henri Jokiharju (DAL) for Boarding (Minor) at 5:21
Sean Durzi (DAL) for Hooking (Minor) at 5:50
Radko Gudas (TBL) for Roughing (Minor) at 16:45
3rd period
6. Stars , Rickard Rakell 4 (Timo Meier 7, Gustav Forsling 5) at 3:02
7. Stars , Timo Meier 2 (Nick Jensen 3, Nazem Kadri 2) at 13:50
Sean Durzi (DAL) for Holding (Minor) at 3:15
Nick Jensen (DAL) for Hooking (Minor) at 5:50
Nick Jensen (DAL) for Tripping (Minor) at 15:27
Goalie Stats
Thatcher Demko (DAL), 34 saves from 36 shots - (0.944), W, 2-6-0, 60:00 minutes
Martin Jones (TBL), 23 saves from 28 shots - (0.821), L, 2-1-1, 60:00 minutes
3 StarsOfficial
1 - Rickard Rakell (DAL)
2 - Timo Meier (DAL)
3 - Elias Lindholm (DAL)
Referees : Brandon Schrader and Trevor Hanson
Linesman : Darren Gibbs and Matt MacPherson
Game Note
No Game Note
Finance
Level 1 -- Attendance: 5713 (87.89%) -- Ticket Income $628,430
Level 2 -- Attendance: 3905 (78.10%) -- Ticket Income $370,975
Level 3 -- Attendance: 2791 (79.74%) -- Ticket Income $209,325
Level 4 -- Attendance: 2777 (86.67%) -- Ticket Income $124,965
Luxury Box -- Attendance: 515 (51.50%) -- Ticket Income $185,400
Game was played at the Amalie Arena.
Total Attendance: 15701 (81.76%)
Total Ticket Income: $1,519,095
Other Income: $379,774
Total Income: $1,898,869



Team Name Goals Shots Shots Attemp Shots Blocked PIM HIT PP PK FO%
Stars 528601012282 / 5 (40%)149%
Lightning 23668812241 / 5 (20%)251%

Stars
Player Name POS G A P +/- PIM HIT SHT SB MP PP MP PP SHT PK MP PK SHT FO% FOT
Anton LundellC0000021012:510:0005:39042% 26
Carter VerhaegheC0000001019:363:0400:26075% 8
Elias LindholmC2020003022:565:2531:53052% 33
Evan BouchardD0221011325:443:5104:3800% 0
Gustav ForslingD0111062226:484:3824:5500% 0
Henri JokiharjuD0000220110:310:0000:2000% 0
Matt GrzelcykD0110011118:033:5113:0300% 0
Nazem KadriC0222024021:295:2520:00043% 21
Nick JensenD0111410216:590:0000:5500% 0
Noah CatesLW0000001010:180:0005:390100% 1
Phil KesselRW000000007:120:0000:0000% 1
Rickard RakellRW2022022015:360:0000:0000% 0
Sean DurziD0001640121:494:3802:0500% 0
Seth JarvisC000000004:390:0000:00033% 6
Tanner PearsonLW000000005:050:0000:260100% 1
Timo MeierRW1232028017:383:0440:0000% 0
Viktor ArvidssonRW0000003010:163:0420:000100% 1
Vincent TrocheckC0110051022:275:2511:530100% 1
Lightning
Player Name POS G A P +/- PIM HIT SHT SB MP PP MP PP SHT PK MP PK SHT FO% FOT
Alex KillornLW000-2432021:044:0800:000100% 2
Andrew PeekeD0000200011:380:0000:2200% 0
Barclay GoodrowC0000010211:350:0006:04059% 22
Brandon MontourD000-1225025:194:2843:5700% 0
Brock NelsonC1010016017:073:5020:00033% 3
Dawson MercerC0000052017:073:5010:0000% 0
Erik HaulaLW1010031013:510:0006:0400% 1
John KlingbergD011-1011326:294:2815:0600% 0
Kaiden GuhleD000-1014122:143:3043:2300% 0
Kevin ShattenkirkD000-1010123:013:3004:1000% 0
Patrice BergeronC011-2004020:483:5000:00065% 26
Pierre EngvallLW000020004:370:0000:0000% 0
Radko GudasD0000210111:160:0000:0000% 0
Ryan StromeC011000209:590:0002:25014% 7
Teddy BluegerC0000011010:120:0002:25014% 7
Trevor MooreLW000000104:380:0000:0000% 0
Tyler ToffoliRW000-2014021:064:0800:0000% 1
William KarlssonC0000033017:254:0800:00050% 30



Play-by-Play

1st period


0:01 of 1st period - Elias Lindholm wins face-off versus Patrice Bergeron in neutral zone.
0:16 of 1st period - Shot by Alex Killorn.
0:16 of 1st period - Shot Misses the Net.
0:22 of 1st period - Shot by Alex Killorn.
0:22 of 1st period - Shot Misses the Net.
0:24 of 1st period - Shot by Brandon Montour.
0:24 of 1st period - Stopped by Thatcher Demko with a rebound.
0:26 of 1st period - Shot by Patrice Bergeron.
0:26 of 1st period - Shot Misses the Net.
0:38 of 1st period - Shot by Brandon Montour.
0:38 of 1st period - Shot Blocked by Evan Bouchard.
0:42 of 1st period - Shot by Patrice Bergeron.
0:42 of 1st period - Stopped by Thatcher Demko without a rebound.
0:43 of 1st period - Nazem Kadri wins face-off versus William Karlsson in Stars zone.
0:43 of 1st period - Nazem Kadri is hit by Dawson Mercer.
0:49 of 1st period - Nick Jensen is hit by William Karlsson.
0:55 of 1st period - Dawson Mercer is hit by Rickard Rakell and loses puck.
1:28 of 1st period - Rickard Rakell is hit by Dawson Mercer and loses puck.
1:42 of 1st period - Erik Haula is hit by Sean Durzi and loses puck.
1:50 of 1st period - Ryan Strome is hit by Sean Durzi and loses puck.
2:03 of 1st period - Shot by Ryan Strome.
2:03 of 1st period - Stopped by Thatcher Demko without a rebound.
2:04 of 1st period - Barclay Goodrow wins face-off versus Anton Lundell in Stars zone.
2:15 of 1st period - Shot by Trevor Moore.
2:15 of 1st period - Stopped by Thatcher Demko without a rebound.
2:16 of 1st period - Patrice Bergeron wins face-off versus Seth Jarvis in Stars zone.
2:29 of 1st period - Shot by Tyler Toffoli.
2:29 of 1st period - Stopped by Thatcher Demko without a rebound.
2:30 of 1st period - Anton Lundell wins face-off versus Barclay Goodrow in Stars zone.
2:45 of 1st period - Shot by Barclay Goodrow.
2:45 of 1st period - Shot Blocked by Henri Jokiharju.
2:46 of 1st period - Minor Penalty to Pierre Engvall for Tripping.
2:47 of 1st period - Barclay Goodrow wins face-off versus Elias Lindholm in Lightning zone.
3:07 of 1st period - Shot by Vincent Trocheck.
3:07 of 1st period - Stopped by Martin Jones without a rebound.
3:08 of 1st period - Viktor Arvidsson wins face-off versus Barclay Goodrow in Lightning zone.
3:08 of 1st period - Gustav Forsling is hit by Brandon Montour and loses puck.
3:44 of 1st period - Ryan Strome is hit by Gustav Forsling and loses puck.
4:34 of 1st period - Shot by Elias Lindholm.
4:34 of 1st period - Goal by Elias Lindholm - Stars : 1 - Lightning : 0.
4:35 of 1st period - Seth Jarvis wins face-off versus Patrice Bergeron in neutral zone.
5:00 of 1st period - Noah Cates is hit by Radko Gudas and loses puck.
5:12 of 1st period - Icing by Andrew Peeke.
5:13 of 1st period - Elias Lindholm wins face-off versus Patrice Bergeron in Lightning zone.
5:15 of 1st period - Minor Penalty to Andrew Peeke for Slashing.
5:16 of 1st period - Nazem Kadri wins face-off versus Barclay Goodrow in Lightning zone.
5:23 of 1st period - Shot by Elias Lindholm.
5:23 of 1st period - Shot Misses the Net.
5:25 of 1st period - Shot by Elias Lindholm.
5:25 of 1st period - Shot Misses the Net.
5:33 of 1st period - Shot by Nazem Kadri.
5:33 of 1st period - Deflect By Elias Lindholm.
5:33 of 1st period - Shot Blocked by Barclay Goodrow.
5:57 of 1st period - Shot by Matt Grzelcyk.
5:57 of 1st period - Shot Misses the Net.
5:59 of 1st period - Shot by Elias Lindholm.
5:59 of 1st period - Goal by Elias Lindholm - Stars : 2 - Lightning : 0.
6:00 of 1st period - Anton Lundell wins face-off versus William Karlsson in neutral zone.
6:57 of 1st period - Gustav Forsling is hit by Dawson Mercer and loses puck.
7:07 of 1st period - Shot by Tanner Pearson.
7:07 of 1st period - Shot Misses the Net.
7:11 of 1st period - Shot by Noah Cates.
7:11 of 1st period - Stopped by Martin Jones without a rebound.
7:12 of 1st period - Patrice Bergeron wins face-off versus Elias Lindholm in Lightning zone.
7:12 of 1st period - Alex Killorn is hit by Vincent Trocheck.
7:42 of 1st period - Brandon Montour is hit by Vincent Trocheck.
7:45 of 1st period - John Klingberg is hit by Henri Jokiharju and loses puck.
9:47 of 1st period - Shot by Phil Kessel.
9:47 of 1st period - Shot Misses the Net.
9:49 of 1st period - Shot by Viktor Arvidsson.
9:49 of 1st period - Deflect By Anton Lundell.
9:49 of 1st period - Stopped by Martin Jones without a rebound.
9:50 of 1st period - Elias Lindholm wins face-off versus William Karlsson in Lightning zone.
9:58 of 1st period - Icing by Kaiden Guhle.
9:59 of 1st period - Elias Lindholm wins face-off versus William Karlsson in Lightning zone.
10:27 of 1st period - Icing by Henri Jokiharju.
10:28 of 1st period - Elias Lindholm wins face-off versus Barclay Goodrow in Stars zone.
10:28 of 1st period - Carter Verhaeghe is hit by Barclay Goodrow and loses puck.
10:46 of 1st period - Off-side.
10:47 of 1st period - Nazem Kadri wins face-off versus Ryan Strome in neutral zone.
10:50 of 1st period - Teddy Blueger is hit by Timo Meier and loses puck.
10:54 of 1st period - Icing by Teddy Blueger.
10:55 of 1st period - Ryan Strome wins face-off versus Nazem Kadri in Lightning zone.
10:55 of 1st period - Ryan Strome is hit by Rickard Rakell.
11:06 of 1st period - Icing by Gustav Forsling.
11:07 of 1st period - Alex Killorn wins face-off versus Nazem Kadri in Stars zone.
11:07 of 1st period - Patrice Bergeron is hit by Gustav Forsling and loses puck.
11:14 of 1st period - Shot by Tyler Toffoli.
11:14 of 1st period - Stopped by Thatcher Demko with a rebound.
11:16 of 1st period - Shot by Patrice Bergeron.
11:16 of 1st period - Shot Blocked by Evan Bouchard.
11:18 of 1st period - Shot by Brandon Montour.
11:18 of 1st period - Shot Misses the Net.
11:20 of 1st period - Shot by John Klingberg.
11:20 of 1st period - Shot Misses the Net.
11:22 of 1st period - Shot by Patrice Bergeron.
11:22 of 1st period - Stopped by Thatcher Demko without a rebound.
11:23 of 1st period - William Karlsson wins face-off versus Elias Lindholm in Stars zone.
11:26 of 1st period - Shot by Brock Nelson.
11:26 of 1st period - Deflect By William Karlsson.
11:26 of 1st period - Stopped by Thatcher Demko with a rebound.
11:28 of 1st period - Shot by William Karlsson.
11:28 of 1st period - Stopped by Thatcher Demko without a rebound.
11:29 of 1st period - Patrice Bergeron wins face-off versus Elias Lindholm in Stars zone.
11:55 of 1st period - Icing by Vincent Trocheck.
11:56 of 1st period - Elias Lindholm wins face-off versus William Karlsson in Stars zone.
12:34 of 1st period - Icing by Elias Lindholm.
12:35 of 1st period - Patrice Bergeron wins face-off versus Elias Lindholm in Stars zone.
12:35 of 1st period - Patrice Bergeron is hit by Gustav Forsling.
12:57 of 1st period - Nazem Kadri is hit by Alex Killorn and loses puck.
13:05 of 1st period - Minor Penalty to Alex Killorn for Cross-checking.
13:05 of 1st period - Minor Penalty to Sean Durzi for Hooking.
13:06 of 1st period - Nazem Kadri wins face-off versus Teddy Blueger in Stars zone.
13:33 of 1st period - Shot by Teddy Blueger.
13:33 of 1st period - Stopped by Thatcher Demko without a rebound.
13:34 of 1st period - Nazem Kadri wins face-off versus Teddy Blueger in Stars zone.
13:57 of 1st period - Gustav Forsling is hit by Erik Haula and loses puck.
14:11 of 1st period - Icing by Evan Bouchard.
14:12 of 1st period - Nazem Kadri wins face-off versus Barclay Goodrow in Stars zone.
14:27 of 1st period - Shot by Ryan Strome.
14:27 of 1st period - Shot Misses the Net.
14:47 of 1st period - Shot by Elias Lindholm.
14:47 of 1st period - Shot Misses the Net.
14:53 of 1st period - Shot by Elias Lindholm.
14:53 of 1st period - Shot Misses the Net.
15:15 of 1st period - Shot by Patrice Bergeron.
15:15 of 1st period - Stopped by Thatcher Demko without a rebound.
15:16 of 1st period - Seth Jarvis wins face-off versus William Karlsson in Stars zone.
15:16 of 1st period - Matt Grzelcyk is hit by Dawson Mercer and loses puck.
15:26 of 1st period - Icing by Henri Jokiharju.
15:27 of 1st period - Patrice Bergeron wins face-off versus Seth Jarvis in Stars zone.
15:49 of 1st period - Icing by Matt Grzelcyk.
15:50 of 1st period - William Karlsson wins face-off versus Seth Jarvis in Stars zone.
15:50 of 1st period - Kevin Shattenkirk is hit by Henri Jokiharju and loses puck.
16:01 of 1st period - Shot by Brock Nelson.
16:01 of 1st period - Deflect By William Karlsson.
16:01 of 1st period - Stopped by Thatcher Demko without a rebound.
16:02 of 1st period - Barclay Goodrow wins face-off versus Nazem Kadri in Stars zone.
16:16 of 1st period - Shot by Timo Meier.
16:16 of 1st period - Stopped by Martin Jones without a rebound.
16:17 of 1st period - Patrice Bergeron wins face-off versus Elias Lindholm in Lightning zone.
17:08 of 1st period - Icing by Nick Jensen.
17:09 of 1st period - William Karlsson wins face-off versus Elias Lindholm in Stars zone.
17:19 of 1st period - Icing by Sean Durzi.
17:20 of 1st period - Elias Lindholm wins face-off versus Ryan Strome in Stars zone.
17:39 of 1st period - Shot by Rickard Rakell.
17:39 of 1st period - Goal by Rickard Rakell - Stars : 3 - Lightning : 0.
17:40 of 1st period - William Karlsson wins face-off versus Nazem Kadri in neutral zone.
17:43 of 1st period - Shot by Dawson Mercer.
17:43 of 1st period - Shot Misses the Net.
18:21 of 1st period - Shot by Brock Nelson.
18:21 of 1st period - Stopped by Thatcher Demko without a rebound.
18:22 of 1st period - Anton Lundell wins face-off versus Barclay Goodrow in Stars zone.
18:27 of 1st period - Shot by Viktor Arvidsson.
18:27 of 1st period - Deflect By Anton Lundell.
18:27 of 1st period - Shot Misses the Net.
18:54 of 1st period - Icing by Matt Grzelcyk.
18:55 of 1st period - Patrice Bergeron wins face-off versus Anton Lundell in Stars zone.
19:21 of 1st period - Minor Penalty to Alex Killorn for Interference.
19:22 of 1st period - Barclay Goodrow wins face-off versus Elias Lindholm in Lightning zone.
19:57 of 1st period - Shot by Sean Durzi.
19:57 of 1st period - Deflect By Nazem Kadri.
19:57 of 1st period - Stopped by Martin Jones with a rebound.
19:59 of 1st period - Shot by Gustav Forsling.
19:59 of 1st period - Shot Misses the Net.
Goals for this period are 3 for Stars vs 0 for Lightning.
Shots for this period are 8 for Stars vs 13 for Lightning.

2nd period


0:01 of 2nd period - Barclay Goodrow wins face-off versus Elias Lindholm in neutral zone.
0:07 of 2nd period - Icing by Elias Lindholm.
0:08 of 2nd period - Barclay Goodrow wins face-off versus Elias Lindholm in Stars zone.
0:40 of 2nd period - Shot by Gustav Forsling.
0:40 of 2nd period - Shot Misses the Net.
0:42 of 2nd period - Shot by Nazem Kadri.
0:42 of 2nd period - Shot Blocked by Kaiden Guhle.
0:44 of 2nd period - Shot by Gustav Forsling.
0:44 of 2nd period - Stopped by Martin Jones without a rebound.
0:45 of 2nd period - Teddy Blueger wins face-off versus Carter Verhaeghe in Lightning zone.
2:32 of 2nd period - Shot by Timo Meier.
2:32 of 2nd period - Shot Misses the Net.
2:58 of 2nd period - Minor Penalty to Brandon Montour for Tripping.
2:59 of 2nd period - Barclay Goodrow wins face-off versus Elias Lindholm in Lightning zone.
3:48 of 2nd period - Shot by Timo Meier.
3:48 of 2nd period - Stopped by Martin Jones without a rebound.
3:49 of 2nd period - Carter Verhaeghe wins face-off versus Teddy Blueger in Lightning zone.
3:54 of 2nd period - Shot by Timo Meier.
3:54 of 2nd period - Stopped by Martin Jones without a rebound.
3:55 of 2nd period - Carter Verhaeghe wins face-off versus Teddy Blueger in Lightning zone.
4:06 of 2nd period - Shot by Gustav Forsling.
4:06 of 2nd period - Stopped by Martin Jones with a rebound.
4:08 of 2nd period - Shot by Timo Meier.
4:08 of 2nd period - Stopped by Martin Jones with a rebound.
4:10 of 2nd period - Shot by Viktor Arvidsson.
4:10 of 2nd period - Stopped by Martin Jones without a rebound.
4:11 of 2nd period - Elias Lindholm wins face-off versus Barclay Goodrow in Lightning zone.
4:16 of 2nd period - Shot by Nazem Kadri.
4:16 of 2nd period - Shot Blocked by Kevin Shattenkirk.
4:18 of 2nd period - Shot by Nazem Kadri.
4:18 of 2nd period - Shot Blocked by Barclay Goodrow.
4:20 of 2nd period - Shot by Matt Grzelcyk.
4:20 of 2nd period - Shot Misses the Net.
4:22 of 2nd period - Shot by Elias Lindholm.
4:22 of 2nd period - Shot Misses the Net.
4:24 of 2nd period - Shot by Vincent Trocheck.
4:24 of 2nd period - Shot Blocked by John Klingberg.
4:26 of 2nd period - Shot by Elias Lindholm.
4:26 of 2nd period - Stopped by Martin Jones without a rebound.
4:27 of 2nd period - Carter Verhaeghe wins face-off versus Teddy Blueger in Lightning zone.
4:40 of 2nd period - Shot by Timo Meier.
4:40 of 2nd period - Stopped by Martin Jones without a rebound.
4:41 of 2nd period - Barclay Goodrow wins face-off versus Elias Lindholm in Lightning zone.
5:06 of 2nd period - Shot by Viktor Arvidsson.
5:06 of 2nd period - Shot Blocked by Radko Gudas.
5:21 of 2nd period - Minor Penalty to Henri Jokiharju for Boarding.
5:22 of 2nd period - Patrice Bergeron wins face-off versus Anton Lundell in Stars zone.
5:23 of 2nd period - Shot by Brock Nelson.
5:23 of 2nd period - Goal by Brock Nelson - Stars : 3 - Lightning : 1.
5:24 of 2nd period - Nazem Kadri wins face-off versus Ryan Strome in neutral zone.
5:41 of 2nd period - Shot by Erik Haula.
5:41 of 2nd period - Goal by Erik Haula - Stars : 3 - Lightning : 2.
5:42 of 2nd period - Elias Lindholm wins face-off versus Patrice Bergeron in neutral zone.
5:42 of 2nd period - Vincent Trocheck is hit by Tyler Toffoli and loses puck.
5:50 of 2nd period - Minor Penalty to Sean Durzi for Hooking.
5:51 of 2nd period - Anton Lundell wins face-off versus William Karlsson in Stars zone.
5:51 of 2nd period - Anton Lundell is hit by William Karlsson.
6:25 of 2nd period - Shot by Brandon Montour.
6:25 of 2nd period - Stopped by Thatcher Demko without a rebound.
6:26 of 2nd period - Anton Lundell wins face-off versus Patrice Bergeron in Stars zone.
6:43 of 2nd period - Shot by Kaiden Guhle.
6:43 of 2nd period - Stopped by Thatcher Demko without a rebound.
6:44 of 2nd period - Alex Killorn wins face-off versus Anton Lundell in Stars zone.
7:05 of 2nd period - Shot by Tyler Toffoli.
7:05 of 2nd period - Shot Misses the Net.
7:07 of 2nd period - Shot by William Karlsson.
7:07 of 2nd period - Shot Blocked by Evan Bouchard.
7:09 of 2nd period - Shot by Brandon Montour.
7:09 of 2nd period - Stopped by Thatcher Demko without a rebound.
7:10 of 2nd period - Patrice Bergeron wins face-off versus Anton Lundell in Stars zone.
7:17 of 2nd period - Shot by Kaiden Guhle.
7:17 of 2nd period - Shot Misses the Net.
7:21 of 2nd period - Shot by Dawson Mercer.
7:21 of 2nd period - Stopped by Thatcher Demko with a rebound.
7:23 of 2nd period - Shot by Patrice Bergeron.
7:23 of 2nd period - Shot Misses the Net.
7:25 of 2nd period - Shot by Patrice Bergeron.
7:25 of 2nd period - Shot Misses the Net.
7:27 of 2nd period - Shot by Patrice Bergeron.
7:27 of 2nd period - Shot Misses the Net.
7:52 of 2nd period - John Klingberg is hit by Nick Jensen.
8:10 of 2nd period - Shot by Nazem Kadri.
8:10 of 2nd period - Stopped by Martin Jones without a rebound.
8:11 of 2nd period - Barclay Goodrow wins face-off versus Elias Lindholm in Lightning zone.
9:10 of 2nd period - Icing by Radko Gudas.
9:11 of 2nd period - Barclay Goodrow wins face-off versus Anton Lundell in Lightning zone.
9:11 of 2nd period - Barclay Goodrow is hit by Anton Lundell.
10:46 of 2nd period - Shot by Brock Nelson.
10:46 of 2nd period - Shot Blocked by Gustav Forsling.
10:48 of 2nd period - Shot by Dawson Mercer.
10:48 of 2nd period - Stopped by Thatcher Demko without a rebound.
10:49 of 2nd period - Elias Lindholm wins face-off versus Ryan Strome in Stars zone.
11:16 of 2nd period - Andrew Peeke is hit by Vincent Trocheck and loses puck.
11:25 of 2nd period - Erik Haula is hit by Vincent Trocheck.
12:07 of 2nd period - Off-side.
12:08 of 2nd period - Patrice Bergeron wins face-off versus Seth Jarvis in neutral zone.
12:19 of 2nd period - Icing by Gustav Forsling.
12:20 of 2nd period - Tanner Pearson wins face-off versus William Karlsson in Stars zone.
12:43 of 2nd period - Shot by Noah Cates.
12:43 of 2nd period - Deflect By Seth Jarvis.
12:43 of 2nd period - Shot Misses the Net.
12:45 of 2nd period - Shot by Noah Cates.
12:45 of 2nd period - Shot Misses the Net.
12:47 of 2nd period - Shot by Noah Cates.
12:47 of 2nd period - Shot Misses the Net.
13:33 of 2nd period - Shot by Timo Meier.
13:33 of 2nd period - Stopped by Martin Jones without a rebound.
13:34 of 2nd period - Carter Verhaeghe wins face-off versus Barclay Goodrow in Lightning zone.
14:37 of 2nd period - Shot by Tyler Toffoli.
14:37 of 2nd period - Stopped by Thatcher Demko without a rebound.
14:38 of 2nd period - William Karlsson wins face-off versus Nazem Kadri in Stars zone.
14:49 of 2nd period - Kaiden Guhle is hit by Nazem Kadri and loses puck.
15:41 of 2nd period - Shot by Patrice Bergeron.
15:41 of 2nd period - Shot Misses the Net.
16:03 of 2nd period - Shot by Brandon Montour.
16:03 of 2nd period - Shot Blocked by Nick Jensen.
16:15 of 2nd period - Shot by Patrice Bergeron.
16:15 of 2nd period - Deflect By Alex Killorn.
16:15 of 2nd period - Stopped by Thatcher Demko without a rebound.
16:16 of 2nd period - Elias Lindholm wins face-off versus Erik Haula in Stars zone.
16:16 of 2nd period - Elias Lindholm is hit by Erik Haula.
16:21 of 2nd period - Elias Lindholm is hit by Teddy Blueger and loses puck.
16:45 of 2nd period - Minor Penalty to Radko Gudas for Roughing.
16:46 of 2nd period - Barclay Goodrow wins face-off versus Elias Lindholm in Lightning zone.
16:46 of 2nd period - Barclay Goodrow is hit by Vincent Trocheck.
17:08 of 2nd period - Shot by Elias Lindholm.
17:08 of 2nd period - Deflect By Nazem Kadri.
17:08 of 2nd period - Stopped by Martin Jones without a rebound.
17:09 of 2nd period - Carter Verhaeghe wins face-off versus Barclay Goodrow in Lightning zone.
17:22 of 2nd period - Shot by Matt Grzelcyk.
17:22 of 2nd period - Stopped by Martin Jones without a rebound.
17:23 of 2nd period - Carter Verhaeghe wins face-off versus Teddy Blueger in Lightning zone.
17:23 of 2nd period - Carter Verhaeghe is hit by Kaiden Guhle.
17:29 of 2nd period - Shot by Viktor Arvidsson.
17:29 of 2nd period - Stopped by Martin Jones without a rebound.
17:30 of 2nd period - Barclay Goodrow wins face-off versus Nazem Kadri in Lightning zone.
18:07 of 2nd period - Shot by Nazem Kadri.
18:07 of 2nd period - Shot Misses the Net.
18:09 of 2nd period - Shot by Gustav Forsling.
18:09 of 2nd period - Shot Misses the Net.
18:33 of 2nd period - Icing by Evan Bouchard.
18:34 of 2nd period - Barclay Goodrow wins face-off versus Carter Verhaeghe in Stars zone.
19:53 of 2nd period - Patrice Bergeron is hit by Nazem Kadri and loses puck.
Goals for this period are 0 for Stars vs 2 for Lightning.
Shots for this period are 13 for Stars vs 9 for Lightning.

3rd period


0:01 of 3rd period - Nazem Kadri wins face-off versus Tyler Toffoli in neutral zone.
0:44 of 3rd period - Shot by Patrice Bergeron.
0:44 of 3rd period - Stopped by Thatcher Demko without a rebound.
0:45 of 3rd period - Elias Lindholm wins face-off versus William Karlsson in Stars zone.
0:56 of 3rd period - Shot by Brock Nelson.
0:56 of 3rd period - Shot Misses the Net.
1:22 of 3rd period - Shot by Brock Nelson.
1:22 of 3rd period - Stopped by Thatcher Demko with a rebound.
1:24 of 3rd period - Shot by Kevin Shattenkirk.
1:24 of 3rd period - Shot Misses the Net.
1:26 of 3rd period - Shot by Brock Nelson.
1:26 of 3rd period - Stopped by Thatcher Demko without a rebound.
1:27 of 3rd period - Anton Lundell wins face-off versus Ryan Strome in Stars zone.
1:27 of 3rd period - Anton Lundell is hit by Erik Haula.
1:32 of 3rd period - Henri Jokiharju is hit by John Klingberg and loses puck.
1:41 of 3rd period - Shot by Viktor Arvidsson.
1:41 of 3rd period - Shot Misses the Net.
1:59 of 3rd period - Off-side.
2:00 of 3rd period - Nazem Kadri wins face-off versus Patrice Bergeron in neutral zone.
2:14 of 3rd period - Shot by Patrice Bergeron.
2:14 of 3rd period - Deflect By Alex Killorn.
2:14 of 3rd period - Stopped by Thatcher Demko without a rebound.
2:15 of 3rd period - Elias Lindholm wins face-off versus William Karlsson in Stars zone.
2:38 of 3rd period - Shot by Carter Verhaeghe.
2:38 of 3rd period - Stopped by Martin Jones without a rebound.
2:39 of 3rd period - Patrice Bergeron wins face-off versus Nazem Kadri in Lightning zone.
2:52 of 3rd period - Shot by Rickard Rakell.
2:52 of 3rd period - Shot Misses the Net.
2:54 of 3rd period - Shot by Rickard Rakell.
2:54 of 3rd period - Shot Misses the Net.
3:02 of 3rd period - Shot by Rickard Rakell.
3:02 of 3rd period - Goal by Rickard Rakell - Stars : 4 - Lightning : 2.
3:03 of 3rd period - Elias Lindholm wins face-off versus William Karlsson in neutral zone.
3:03 of 3rd period - Vincent Trocheck is hit by William Karlsson and loses puck.
3:15 of 3rd period - Minor Penalty to Sean Durzi for Holding.
3:16 of 3rd period - William Karlsson wins face-off versus Anton Lundell in Stars zone.
3:47 of 3rd period - Shot by John Klingberg.
3:47 of 3rd period - Shot Hit the Post.
4:27 of 3rd period - Off-side.
4:28 of 3rd period - Patrice Bergeron wins face-off versus Anton Lundell in neutral zone.
4:33 of 3rd period - Shot by Brock Nelson.
4:33 of 3rd period - Stopped by Thatcher Demko without a rebound.
4:34 of 3rd period - Anton Lundell wins face-off versus Patrice Bergeron in Stars zone.
4:34 of 3rd period - Gustav Forsling is hit by Dawson Mercer and loses puck.
4:41 of 3rd period - Shot by Kaiden Guhle.
4:41 of 3rd period - Stopped by Thatcher Demko without a rebound.
4:42 of 3rd period - Anton Lundell wins face-off versus William Karlsson in Stars zone.
4:52 of 3rd period - Off-side.
4:53 of 3rd period - Brock Nelson wins face-off versus Anton Lundell in neutral zone.
5:29 of 3rd period - Carter Verhaeghe is hit by Kevin Shattenkirk.
5:41 of 3rd period - Shot by Erik Haula.
5:41 of 3rd period - Shot Blocked by Nick Jensen.
5:43 of 3rd period - Shot by Kevin Shattenkirk.
5:43 of 3rd period - Shot Misses the Net.
5:50 of 3rd period - Minor Penalty to Nick Jensen for Hooking.
5:51 of 3rd period - William Karlsson wins face-off versus Anton Lundell in Stars zone.
6:58 of 3rd period - Elias Lindholm is hit by Brock Nelson and loses puck.
7:17 of 3rd period - Shot by Kevin Shattenkirk.
7:17 of 3rd period - Shot Hit the Post.
7:45 of 3rd period - Shot by John Klingberg.
7:45 of 3rd period - Stopped by Thatcher Demko without a rebound.
7:46 of 3rd period - William Karlsson wins face-off versus Anton Lundell in Stars zone.
8:03 of 3rd period - Shot by Trevor Moore.
8:03 of 3rd period - Shot Misses the Net.
8:05 of 3rd period - Shot by Barclay Goodrow.
8:05 of 3rd period - Shot Blocked by Sean Durzi.
8:23 of 3rd period - Pierre Engvall is hit by Sean Durzi and loses puck.
9:33 of 3rd period - Shot by Ryan Strome.
9:33 of 3rd period - Stopped by Thatcher Demko without a rebound.
9:34 of 3rd period - Anton Lundell wins face-off versus Patrice Bergeron in Stars zone.
9:41 of 3rd period - Kaiden Guhle is hit by Anton Lundell and loses puck.
9:55 of 3rd period - Icing by Alex Killorn.
9:56 of 3rd period - Patrice Bergeron wins face-off versus Nazem Kadri in Lightning zone.
10:26 of 3rd period - Off-side.
10:27 of 3rd period - Elias Lindholm wins face-off versus William Karlsson in neutral zone.
10:59 of 3rd period - William Karlsson is hit by Gustav Forsling and loses puck.
11:19 of 3rd period - Icing by Brandon Montour.
11:20 of 3rd period - William Karlsson wins face-off versus Nazem Kadri in Lightning zone.
11:20 of 3rd period - Dawson Mercer is hit by Timo Meier and loses puck.
11:37 of 3rd period - Shot by Tyler Toffoli.
11:37 of 3rd period - Stopped by Thatcher Demko without a rebound.
11:38 of 3rd period - Patrice Bergeron wins face-off versus Anton Lundell in Stars zone.
11:39 of 3rd period - Shot by Alex Killorn.
11:39 of 3rd period - Shot Blocked by Matt Grzelcyk.
11:49 of 3rd period - Icing by Kevin Shattenkirk.
11:50 of 3rd period - Patrice Bergeron wins face-off versus Nazem Kadri in Lightning zone.
12:31 of 3rd period - Shot by Nazem Kadri.
12:31 of 3rd period - Stopped by Martin Jones without a rebound.
12:32 of 3rd period - Elias Lindholm wins face-off versus William Karlsson in Lightning zone.
12:32 of 3rd period - Elias Lindholm is hit by Brandon Montour.
12:34 of 3rd period - Shot by Evan Bouchard.
12:34 of 3rd period - Stopped by Martin Jones without a rebound.
12:35 of 3rd period - William Karlsson wins face-off versus Elias Lindholm in Lightning zone.
12:39 of 3rd period - Brandon Montour is hit by Evan Bouchard and loses puck.
13:17 of 3rd period - William Karlsson is hit by Gustav Forsling and loses puck.
13:20 of 3rd period - Shot by Brock Nelson.
13:20 of 3rd period - Stopped by Thatcher Demko without a rebound.
13:21 of 3rd period - Patrice Bergeron wins face-off versus Nazem Kadri in Stars zone.
13:50 of 3rd period - Shot by Timo Meier.
13:50 of 3rd period - Goal by Timo Meier - Stars : 5 - Lightning : 2.
13:51 of 3rd period - Anton Lundell wins face-off versus Ryan Strome in neutral zone.
13:58 of 3rd period - Shot by Anton Lundell.
13:58 of 3rd period - Shot Misses the Net.
14:06 of 3rd period - Shot by Anton Lundell.
14:06 of 3rd period - Deflect By Viktor Arvidsson.
14:06 of 3rd period - Stopped by Martin Jones without a rebound.
14:07 of 3rd period - Elias Lindholm wins face-off versus Brock Nelson in Lightning zone.
14:14 of 3rd period - Shot by Gustav Forsling.
14:14 of 3rd period - Shot Misses the Net.
15:27 of 3rd period - Minor Penalty to Nick Jensen for Tripping.
15:28 of 3rd period - William Karlsson wins face-off versus Anton Lundell in Stars zone.
15:29 of 3rd period - Shot by Kaiden Guhle.
15:29 of 3rd period - Shot Misses the Net.
15:31 of 3rd period - Shot by Kaiden Guhle.
15:31 of 3rd period - Stopped by Thatcher Demko without a rebound.
15:32 of 3rd period - Noah Cates wins face-off versus Brock Nelson in Stars zone.
15:55 of 3rd period - Shot by Dawson Mercer.
15:55 of 3rd period - Shot Misses the Net.
16:26 of 3rd period - Elias Lindholm is hit by Alex Killorn and loses puck.
16:45 of 3rd period - Shot by Brandon Montour.
16:45 of 3rd period - Stopped by Thatcher Demko without a rebound.
16:46 of 3rd period - Anton Lundell wins face-off versus William Karlsson in Stars zone.
16:46 of 3rd period - Anton Lundell is hit by Alex Killorn.
16:56 of 3rd period - Shot by Brandon Montour.
16:56 of 3rd period - Stopped by Thatcher Demko without a rebound.
16:57 of 3rd period - Patrice Bergeron wins face-off versus Anton Lundell in Stars zone.
17:08 of 3rd period - Shot by Kevin Shattenkirk.
17:08 of 3rd period - Shot Misses the Net.
17:10 of 3rd period - Shot by Kaiden Guhle.
17:10 of 3rd period - Stopped by Thatcher Demko without a rebound.
17:11 of 3rd period - William Karlsson wins face-off versus Elias Lindholm in Stars zone.
17:21 of 3rd period - Icing by Tyler Toffoli.
17:22 of 3rd period - William Karlsson wins face-off versus Anton Lundell in Lightning zone.
17:28 of 3rd period - John Klingberg is hit by Matt Grzelcyk and loses puck.
17:38 of 3rd period - Off-side.
17:39 of 3rd period - Vincent Trocheck wins face-off versus Patrice Bergeron in neutral zone.
18:06 of 3rd period - Patrice Bergeron is hit by Sean Durzi and loses puck.
18:43 of 3rd period - Shot by Nazem Kadri.
18:43 of 3rd period - Shot Blocked by John Klingberg.
18:45 of 3rd period - Shot by Gustav Forsling.
18:45 of 3rd period - Shot Blocked by John Klingberg.
18:47 of 3rd period - Shot by Timo Meier.
18:47 of 3rd period - Stopped by Martin Jones without a rebound.
18:48 of 3rd period - William Karlsson wins face-off versus Phil Kessel in Lightning zone.
18:50 of 3rd period - Icing by Kaiden Guhle.
18:51 of 3rd period - William Karlsson wins face-off versus Nazem Kadri in Lightning zone.
18:59 of 3rd period - Dawson Mercer is hit by Gustav Forsling.
19:11 of 3rd period - Shot by Brock Nelson.
19:11 of 3rd period - Shot Blocked by Gustav Forsling.
19:17 of 3rd period - Shot by Nazem Kadri.
19:17 of 3rd period - Shot Misses the Net.
Goals for this period are 2 for Stars vs 0 for Lightning.
Shots for this period are 7 for Stars vs 14 for Lightning.